 Dungeon Crawl Stone Soup version 0.24-a0-67-ga78bd38 (webtiles) character file.

Game seed: 4821832912423421843

88 Kairos the Shield-Bearer (level 4, -2/42 HPs)
             Began as a Deep Dwarf Fighter on Feb 5, 2019.
             Slain by an orc
             ... wielding a +0 flail
              (4 damage)
             ... on level 3 of the Dungeon.
             The game lasted 00:05:22 (1714 turns).

Kairos the Shield-Bearer (Deep Dwarf Fighter)       Turns: 1714, Time: 00:05:23

Health: -2/42      AC:  8    Str: 21    XL:     4   Next: 29%
Magic:  4/4        EV:  7    Int:  8    God:
Gold:   100        SH: 11    Dex: 12    Spells: 3/3 levels left

rFire    + . .     SeeInvis .   v - -1 mace (curse)
rCold    . . .     Gourm    .   j - +2 shield
rNeg     . . .     Faith    .   b - +0 scale mail
rPois    .         Spirit   .   (no helmet)
rElec    .         Reflect  .   w - +0 cloak
rCorr    .         Harm     .   (no gloves)
MR       .....                  (no boots)
Stlth    ..........             (no amulet)
HPRegen  0.00/turn              q - ring of protection from fire
MPRegen  0.09/turn              (no ring)

@: non-regenerating
A: damage resistance, heal wounds, sense surroundings 1, no regeneration
a: Heal Wounds


You were on level 3 of the Dungeon.
You were hungry.

You visited 1 branch of the dungeon, and saw 3 of its levels.

You collected 100 gold pieces.

Inventory:

Hand Weapons
 a - a +0 flail
 g - a +2 mace of protection
 h - a +1 hunting sling of flaming
 i - a +1 mace of holy wrath
 u - a +1 mace of protection
 v - a cursed -1 mace (weapon)
Missiles
 m - 30 stones (quivered)
Armour
 b - a +0 scale mail (worn)
 c - a +0 shield
 j - a +2 shield (worn)
 w - a +0 cloak (worn)
Jewellery
 q - a ring of protection from fire (left hand)
Wands
 s - a wand of iceblast (9)
Scrolls
 e - a scroll of magic mapping
 l - 2 scrolls of fog {unknown}
 n - a scroll of enchant weapon {unknown}
 p - 2 scrolls of teleportation {unknown}
 r - a scroll of immolation {unknown}
Potions
 d - 2 potions of might
 k - 3 potions of brilliance {unknown}
 o - a potion of flight {unknown}
Comestibles
 f - 3 rations
 t - 3 chunks of flesh


   Skills:
 + Level 3.0 Fighting
 + Level 2.3 Maces & Flails
 + Level 2.3 Slings
 + Level 3.8 Armour
 + Level 0.7 Dodging
 + Level 3.8 Shields


You had 3 spell levels left.
You didn't know any spells.
Your spell library was empty.

Dungeon Overview and Level Annotations

Branches:
Dungeon (3/15)

Altars:


Innate Abilities, Weirdness & Mutations

You are resistant to damage.
You can heal yourself by infusing magical energy.
You passively map a small area around you.
You do not regenerate.


Message History

The kobold shoots a poisoned needle.
The poisoned needle closely misses you.
The kobold unwields a +0 blowgun.
You block the kobold's attack.
Items here: )) [ †† a +0 club; a +0 leather armour; a +0 falchion; a ball python corpse an orc corpse You sock the kobold!
You kill the kobold!
You block the orc's attack.
You hit the orc but do no damage. You block the orc's attack.
You hit the orc but do no damage. You block the orc's attack.
You closely miss the orc. You block the orc's attack.
You closely miss the orc. The orc barely misses you.
You hit the orc.
The orc is severely wounded.
The orc hits you with a +0 flail!
* * * LOW HITPOINT WARNING * * *
You barely miss the orc.
The orc is severely wounded.
The orc hits you with a +0 flail.
You die...

* #.##.# #..(....#, , .. ,
#####.##.###.......######. ,
#........#.....#......... ,
..#........#.###.#.#.###### *
#.#..........# #.#.#...,#
#..####.########.#.#.##.#.#####
*#..$.........., #.####.#.#....
#..###.##########......#.^..<#
##.#........o@..(#########.###
#...#.#########.# #.#
#...#†.....#..#.#########.#
#####..K#o####................#
.......o#...#######.###########
###.....#.#.# ...# #.###.#?#.#
##### #.###.#.# ##.##**** #
#...(.#...o..,,, ,


You could see an orc.

Vanquished Creatures
  Crazy Yiuf (D:2)
  An adder (D:2)
  A dart slug (D:1)
  A leopard gecko (D:3)
  2 orcs (D:3)
  2 giant cockroaches
  6 goblins
  6 hobgoblins
  2 quokkas (D:2)
  4 ball pythons
  6 bats
  7 frilled lizards
  2 kobolds
  5 rats
46 creatures vanquished.

Notes
Turn   | Place    | Note
-------+----------+-------------------------------------------
     0 | D:1      | Kairos the Deep Dwarf Fighter began the quest for the Orb.
     0 | D:1      | Reached XP level 1. HP: 20/20 MP: 1/1
   269 | D:1      | Reached XP level 2. HP: 16/27 MP: 2/2
   648 | D:2      | Found a runed translucent door.
   649 | D:2      | Noticed Crazy Yiuf
   719 | D:2      | Reached XP level 3. HP: 19/34 MP: 3/3
  1401 | D:2      | Killed Crazy Yiuf
  1401 | D:2      | Reached XP level 4. HP: 11/42 MP: 4/4
  1713 | D:3      | HP: 2/42 [orc/+0 flail (7)]
  1714 | D:3      | Slain by an orc

Vault maps used:
D:1:      minmay_arrival_jagged
D:2:      uniq_crazy_yiuf_cottage
D:3:      uniq_jessica, uniq_ijyb, uniq_natasha

Skill      XL: |  1  2  3 |
---------------+----------+-----
Fighting       | 3 |  3.0
Slings         | 2 |  2.3
Maces & Flails | |  2.3
Armour         | |  3.8
Dodging        | |  0.7
Shields        | |  3.8

Action                   |  1- 3 |  4- 6 || total
-------------------------+-------+-------++-------
Melee: Flail             |    70 |       ||    70
       Mace              |       |    48 ||    48
 Fire: Hunting sling     |    62 |       ||    62
Evoke: Wand              |     1 |     1 ||     2
  Use: Scroll            |       |     3 ||     3
  Eat: Chunk             |     1 |     1 ||     2
Armor: Scale mail        |    32 |    20 ||    52
Dodge: Dodged            |    27 |    14 ||    41
Block: Shield            |    57 |    45 ||   102

Table legend:
 A = Non-vault XP
 B = Vault XP
 C = Vault XP percentage of total XP
 D = Non-vault monster count
 E = Vault monster count
 F = Vault count percentage of total count
                 A         B        C        D         E       F
            +---------+---------+-------+---------+---------+-------
      Total |      84 |      42 |  33.3 |      45 |       1 |   2.2
            +---------+---------+-------+---------+---------+-------
        D:1 |      24 |       0 |   0.0 |      15 |       0 |   0.0
        D:2 |      41 |      42 |  50.6 |      20 |       1 |   4.8
        D:3 |      19 |       0 |   0.0 |      10 |       0 |   0.0
            +---------+---------+-------+---------+---------+-------
